 Dungeon Crawl Stone Soup version 0.28-a0-724-g66f9036eb4 (webtiles) character file.

Game seed: 7076959695852171593

110 flotson the Sneak (level 4, -2/37 HPs)
             Began as a Demonspawn Delver on Oct 26, 2021.
             Slain by Terence (4 damage)
             ... on level 2 of the Dungeon.
             The game lasted 00:05:12 (2899 turns).

flotson the Sneak (Demonspawn Delver)               Turns: 2899, Time: 00:05:12

Health: -2/37      AC:  5    Str: 11 (14) XL:     4   Next: 61%
Magic:  4/4        EV: 11    Int:  9 (11) God:
Gold:   85         SH:  3    Dex: 12 (14) Spells: 3/3 levels left

rFire   . . .      SeeInvis .   a - +0 war axe
rCold   . . .      Faith    .   r - +0 buckler
rNeg    + . .      Spirit   .   f - +0 leather armour
rPois   .          Reflect  .   (no helmet)
rElec   .          Harm     .   (no cloak)
rCorr   .          Rampage  .   (no gloves)
Will    .....                   (no boots)
Stlth   ++........              (no amulet)
HPRegen 0.12/turn               m - ring of positive energy
MPRegen 0.09/turn               (no ring)

@: brilliant, attractive, flying
A: slimy green scales 1, demonic guardian 1
a: no special abilities


You were on level 2 of the Dungeon.
You visited 1 branch of the dungeon, and saw 5 of its levels.

You collected 85 gold pieces.

Inventory:

Hand Weapons
 a - a +0 war axe (weapon)
 b - a +0 trident
Armour
 f - a +0 leather armour (worn)
 r - a +0 buckler (worn)
Jewellery
 m - a ring of positive energy (left hand)
Wands
 g - a wand of digging (4)
Scrolls
 c - 2 scrolls of fog
 d - a scroll of magic mapping
 i - a scroll of noise {unknown}
 n - 2 scrolls of amnesia
 o - a scroll of blinking {unknown}
 p - a scroll of teleportation
 q - 2 scrolls of identify
 s - a scroll of vulnerability {unknown}
Potions
 j - a potion of brilliance


   Skills:
 + Level 3.7 Fighting
 + Level 2.6 Axes
 + Level 1.8 Armour
 + Level 2.6 Dodging
 - Level 4.5 Stealth
 + Level 0.1 Shields


You had 3 spell levels left.
You didn't know any spells.
Your spell library contained the following spells:

 Spells                   Type           Power      Damage    Failure   Level
 Animate Skeleton         Necr           0%         N/A       65%         1
 Pain                     Necr           0%         1d4       65%         1
 Vampiric Draining        Necr           0%         2d6       95%         3


Dungeon Overview and Level Annotations

Branches:
Dungeon (5/15)
 Temple: D:4-7

Altars:

Shops:
D:1 [

Annotations:
D:2 Sigmund, Terence
D:3 Grinder
D:4 Pikel


Innate Abilities, Weirdness & Mutations

You are partially covered in slimy green scales. (AC +2)
A weak demonic guardian rushes to your aid.


Message History

Sigmund hits you but does no damage. Sigmund is attracted toward you.
It was a potion of degeneration.
There was something very wrong with that liquid.
You feel weakened.
You feel dopey.
You feel clumsy.
Sigmund points at you and mumbles some strange words.
You resist with some effort.
You closely miss Sigmund. Sigmund hits you with a +0 scythe.
You closely miss Sigmund. Sigmund closely misses you.
You barely miss Sigmund. Sigmund hits you with a +0 scythe.
You closely miss Sigmund. Sigmund closely misses you.
You hit Sigmund.
Sigmund is lightly wounded.
Sigmund hits you with a +0 scythe!
As you read the scroll labelled TEOGUD RUIREZO, it crumbles to dust.
It is a scroll of amnesia.
You feel forgetful for a moment. Sigmund hits you with a +0 scythe.
As you read the scroll labelled ACLECIPPISAF, it crumbles to dust.
It is a scroll of identify.
p - 2 scrolls of teleportation
As you read the scroll of teleportation, it crumbles to dust.
You feel strangely unstable. Sigmund gestures at you while chanting.
The magic dart hits you!
* * * LOW HITPOINT WARNING * * *
A demonic guardian appears!
Sigmund hits you from afar with a +0 scythe.
* * * LOW HITPOINT WARNING * * *
Your white imp misses Sigmund.
Sigmund is attracted toward you.
Your surroundings suddenly seem different.
Terence the Incautious comes into view.
He is wielding a +0 hand axe.
Found a pair of gloves.
Terence shouts!
Terence is attracted toward you.
Okay, then.
Unknown command.
Okay, then.
You hit Terence.
Terence is lightly wounded.
Terence misses you. Terence hits you with a +0 hand axe.
You die...

.######### ...>.....# #
.#######.# #[######.##
#.# #..@@ยง..... #.#
########### #.# #.#
########## ###+#########
#........# #......##...#
#.######.#
######<....>##...# #.#
#.# .....'......##...#
#.# #.#
######......##...######.#
#.#


You could see Terence.

Vanquished Creatures
  Ijyb (D:5)
  2 gnolls (D:1)
  2 worms (D:2)
  A dart slug (D:1)
  An orc (D:4)
  5 ball pythons
  An endoplasm (D:1)
  7 giant cockroaches
  10 goblins
  7 hobgoblins
  4 quokkas
  3 bats
  3 frilled lizards
  3 kobolds
  2 rats (D:3)
52 creatures vanquished.

Vanquished Creatures (collateral kills)
  An endoplasm (D:4)
1 creature vanquished.

Grand Total: 53 creatures vanquished

Notes
Turn   | Place    | Note
-------+----------+-------------------------------------------
     0 | D:5      | flotson the Demonspawn Delver began the quest for the Orb.
     0 | D:5      | Reached XP level 1. HP: 18/18 MP: 1/1
    30 | D:4      | Noticed a lemure
    30 | D:4      | Noticed a lemure
    32 | D:4      | Noticed Pikel
    40 | D:4      | Noticed Ijyb
   152 | D:5      | Killed Ijyb
   153 | D:5      | Reached skill level 1 in Armour
   153 | D:5      | Gained mutation: A weak demonic guardian rushes to your
                  | aid. [demonic ancestry]
   153 | D:5      | Reached XP level 2. HP: 7/24 MP: 2/2
   495 | D:3      | Gained mutation: You are partially covered in slimy green
                  | scales. (AC +2) [demonic ancestry]
   495 | D:3      | Reached XP level 3. HP: 28/29 MP: 3/3
   665 | D:3      | Noticed Grinder
   708 | D:2      | Noticed Sigmund
   904 | D:1      | Found Beruamp's Antique Armour Boutique.
  1419 | D:1      | Reached XP level 4. HP: 35/35 MP: 4/4
  1686 | D:1      | Found a faded altar of an unknown god.
  2898 | D:2      | Noticed Terence
  2899 | D:2      | Slain by Terence

Illustrated notes

Levels and vault maps discovered:
D:1:      eino_arrival_cavern_b, layout_basic,
          shapermc_ecumenical_altar_mp_urbaneastern, serial_shops,
          nicolae_diamond_shop
D:2:      layout_basic, uniq_sigmund, uniq_jessica, uniq_terence
D:3:      layout_loops_ring, grunt_gozag_breadcrumbs, kennysheep_big_empty_room,
          bh_walls_and_bars, uniq_grinder
D:4:      layout_loops_corners, beargit_hepliaklqana_dungeon_heroes,
          minmay_temple_entry_crystal_x, uniq_ijyb, uniq_pikel, uniq_edmund,
          uniq_duvessa, uniq_natasha
D:5:      layout_rooms, doesnt_xom_only_xom,
          mainiacjoe_overflow_concentric_impassable, chei_slow_surprise,
          chequers_temple_overflow_statue_of_worship

Skill      XL: |  1 |
---------------+----+-----
Axes           | 2 |  2.6
Armour         | 1 |  1.8
Dodging        | 2 |  2.6
Fighting       | |  3.7
Stealth        | |  4.5
Shields        | |  0.1

Action                   |  1- 3 |  4- 6 || total
-------------------------+-------+-------++-------
Melee: Hand axe          |    20 |       ||    20
       War axe           |    53 |    60 ||   113
       Quarterstaff      |       |    40 ||    40
Evoke: Wand              |     1 |       ||     1
  Use: Potion            |     1 |     5 ||     6
       Scroll            |     1 |     3 ||     4
 Stab: Sleeping          |     6 |     4 ||    10
Armor: Leather armour    |    25 |    36 ||    61
Dodge: Dodged            |    43 |    61 ||   104
Block: Buckler           |       |     6 ||     6

Table legend: (Time is in decaauts)
 A = Elapsed time spent in this place.
 B = Non-inter-level travel time spent in this place.
 C = Inter-level travel time spent in this place.
 D = Time resting spent in this place.
 E = Time spent auto-exploring this place.
 F = Levels seen in this place.
 G = Mean time per level.
                   A        B        C        D        E       F      G
               +--------+--------+--------+--------+--------+-----+--------+
         Total |   2945 |   2910 |     35 |    283 |   2005 |   5 |  589.0 |
       Dungeon |   2945 |   2910 |     35 |    283 |   2005 |   5 |  589.0 |
               +--------+--------+--------+--------+--------+-----+--------+

Top non-repeatable levels by time:
     D:2: 1083 daAuts
     D:1: 1056 daAuts
     D:5: 358 daAuts
     D:3: 329 daAuts
     D:4: 118 daAuts
